 Dungeon Crawl Stone Soup version 0.26-a0-1053-gaff5f71418 (webtiles) character file.

Game seed: 1593431775369742453

130 polelong the Conjurer (level 5, 0/36 HPs)
             Began as a Human Conjurer on Dec 13, 2020.
             Slain by an orc wizard
             ... wielding a +0 dagger
              (3 damage)
             ... on level 4 of the Dungeon.
             The game lasted 00:15:41 (4120 turns).

polelong the Conjurer (Human Conjurer)              Turns: 4120, Time: 00:15:42

Health: 0/36       AC:  8    Str:  7    XL:     5   Next: 36%
Magic:  0/9        EV: 13    Int: 19    God:
Gold:   170        SH:  0    Dex: 12    Spells: 6/9 levels left

rFire    + . .     SeeInvis .   g - +1 dagger (speed)
rCold    + . .     Faith    .   (no shield)
rNeg     . . .     Spirit   .   a - +0 robe
rPois    +         Reflect  .   (no helmet)
rElec    +         Harm     .   n - +1 cloak
rCorr    +         Rampage  .   (no gloves)
Will     .....                  (no boots)
Stlth    +.........             (no amulet)
HPRegen  0.12/turn              b - +4 ring of protection
MPRegen  0.11/turn              d - ring of attention (curse)

@: resistant
A: no striking features
a: no special abilities


You were on level 4 of the Dungeon.
You visited 1 branch of the dungeon, and saw 4 of its levels.

You collected 170 gold pieces.

Inventory:

Hand Weapons
 g - a +1 dagger of speed (weapon)
Armour
 a - a +0 robe (worn)
 n - a +1 cloak (worn)
Jewellery
 b - a +4 ring of protection (left hand)
 d - a cursed ring of attention (right hand)
 h - a cursed ring of protection from cold {unknown}
Scrolls
 c - a scroll of magic mapping
 e - a scroll of identify
 f - a scroll of random uselessness
 m - a scroll of blinking
Potions
 i - a potion of invisibility {unknown}
 j - a potion of degeneration {unknown}
 k - a potion of resistance
 l - a potion of curing {unknown}


   Skills:
 + Level 0.4 Fighting
 + Level 1.2 Short Blades
 + Level 2.6 Dodging
 + Level 2.2 Stealth
 + Level 2.7 Spellcasting
 + Level 5.2 Conjurations


You had 6 spell levels left.
You knew the following spells:

 Your Spells              Type           Power        Failure   Level
a - Magic Dart            Conj           ###.         1%          1
b - Searing Ray           Conj           ###...       2%          2

Your spell library contained the following spells:

 Spells                   Type           Power        Failure   Level
 Dazzling Flash           Conj/Hex       ##....       16%         3
 Fulminant Prism          Conj/Hex       ##........   47%         4
 Iskenderun's Mystic Bla  Conj/Tloc      ##......     47%         4


Dungeon Overview and Level Annotations

Branches:
Dungeon (4/15)
 Temple: D:4-7

Altars:
Makhleb
Ru


Message History

The orc wizard barely misses you.
You hit the orc wizard but do no damage.
The orc wizard is heavily wounded.
You hit the orc wizard but do no damage.
The orc wizard is heavily wounded.
The orc wizard casts a spell at you. The puff of flame hits you!
* * * LOW HITPOINT WARNING * * *
Casting: Magic Dart (safe; 1% risk of failure)
Confirm with . or Enter, or press ? or * to list all spells.
Aiming: Magic Dart (safe; 1% risk of failure)
Press: ? - help, Shift-Dir - straight line, f - orc wizard
Aim: an orc wizard, wielding a +0 dagger and wearing a +0 robe (heavily wounded, 0% to evade)
The magic dart hits the orc wizard.
The orc wizard is severely wounded.
The orc wizard hits you but does no damage.
It was a potion of resistance.
You feel protected.
The orc wizard hits you with a +0 dagger.
You die...

#.....
+.....
.....#+###
#.......#
#.......#
#.......#
#.......#
#....@o.#
#....†.<#
#.....#####
#.....
#.... #....
#... #...


You could see an orc wizard.

Vanquished Creatures
  A hound (D:4)
  An adder (D:3)
  3 worms
  A dart slug (D:1)
  3 leopard geckos
  3 orcs
  A ball python (D:2)
  7 bats
  4 giant cockroaches
  8 goblins
  10 hobgoblins
  7 jackals
  3 quokkas
  3 frilled lizards
  3 kobolds
  11 rats
69 creatures vanquished.

Vanquished Creatures (others)
  A plant (D:1)
1 creature vanquished.

Grand Total: 70 creatures vanquished

Notes
Turn   | Place    | Note
-------+----------+-------------------------------------------
     0 | D:1      | polelong the Human Conjurer began the quest for the Orb.
     0 | D:1      | Reached XP level 1. HP: 13/13 MP: 3/3
   539 | D:1      | Reached XP level 2. HP: 19/19 MP: 1/5
   843 | D:1      | You fall into a shaft and drop 1 floor!
   867 | D:2      | Found a sacrificial altar of Ru.
  1557 | D:2      | Reached XP level 3. HP: 13/24 MP: 1/6
  1700 | D:2      | Learned a level 2 spell: Searing Ray
  2390 | D:3      | Reached XP level 4. HP: 28/30 MP: 0/7
  2848 | D:2      | Reached skill level 5 in Conjurations
  3729 | D:3      | Found a burning altar of Makhleb.
  4072 | D:4      | Reached skill level 1 in Short Blades
  4072 | D:4      | Reached XP level 5. HP: 36/36 MP: 3/8
  4120 | D:4      | Slain by an orc wizard

Illustrated notes

Levels and vault maps discovered:
D:1:      matt_arrival_grand_opening, layout_basic, serial_forest,
          infiniplex_forest_join, infiniplex_forest_clump_curved,
          infiniplex_forest_end_3, infiniplex_forest_zigzag_1
D:2:      cheibrodos_greedy_goblins, layout_rooms,
          nicolae_ru_the_path_less_chosen
D:3:      layout_loops_corners, lightli_temple_of_fire
D:4:      layout_gridville, minmay_temple_entry_statues_pillars, uniq_ijyb

Skill      XL: |  1  2  3  4 |
---------------+-------------+-----
Conjurations   | 5 |  5.2
Short Blades   | 1 |  1.2
Fighting       | |  0.4
Dodging        | |  2.6
Stealth        | |  2.2
Spellcasting   | |  2.7

Action                   |  1- 3 |  4- 6 || total
-------------------------+-------+-------++-------
Melee: Unarmed           |   384 |       ||   384
       Dagger            |    43 |    45 ||    88
 Cast: Magic Dart        |    74 |    49 ||   123
       Searing Ray       |       |     2 ||     2
  Use: Scroll            |     2 |     4 ||     6
       Potion            |     2 |     1 ||     3
Armor: Robe              |    27 |    27 ||    54
Dodge: Dodged            |    60 |    36 ||    96

Table legend: (Time is in decaauts)
 A = Elapsed time spent in this place.
 B = Non-inter-level travel time spent in this place.
 C = Inter-level travel time spent in this place.
 D = Time resting spent in this place.
 E = Time spent auto-exploring this place.
 F = Levels seen in this place.
 G = Mean time per level.
                   A        B        C        D        E       F      G
               +--------+--------+--------+--------+--------+-----+--------+
         Total |   4097 |   3915 |    182 |    758 |   2380 |   4 | 1024.2 |
       Dungeon |   4097 |   3915 |    182 |    758 |   2380 |   4 | 1024.2 |
               +--------+--------+--------+--------+--------+-----+--------+

Top non-repeatable levels by time:
     D:3: 1566 daAuts
     D:1: 1486 daAuts
     D:2: 1005 daAuts
     D:4: 39 daAuts
